 Dungeon Crawl Stone Soup version 0.20.0-15-g7f486f2 (webtiles) character file.

3551 glosham the Cleaver (level 9, -4/68 HPs)
             Began as a Mummy Chaos Knight on June 10, 2017.
             Was an Initiate of Cheibriados.
             Slain by a sixfirhy (11 damage)
             ... on level 2 of the Abyss.
             The game lasted 01:22:18 (9157 turns).

glosham the Cleaver (Mummy Chaos Knight)            Turns: 9157, Time: 01:22:18

Health: -4/68      AC:  7    Str: 19    XL:     9   Next: 83%
Magic:  9/9        EV: 11    Int: 12    God:    Cheibriados [......]
Gold:   513        SH:  0    Dex: 13    Spells: 8/8 levels left

rFire    x . .     SeeInvis .   a - +0 battleaxe
rCold    + . .     Gourm    .   (shield currently unavailable)
rNeg     + + +     Faith    .   X - +2 leather armour
rPois    ∞         Spirit   .   U - +1 helmet
rElec    .         Reflect  .   (no cloak)
rCorr    .         Harm     .   (no gloves)
MR       +....                  (no boots)
Stlth    +.........             z - amulet of regeneration
Regen    0.7/turn               (no ring)
MPRegen  0.2/turn               (no ring)

@: about to teleport, very slightly contaminated, very slow
A: no food or potions, fire vulnerability, cold resistance 1, negative energy
resistance 3, torment resistance, unbreathing
a: Bend Time, Renounce Religion


You were on level 2 of the Abyss.
You worshipped Cheibriados.
Cheibriados was noncommittal.
You were not hungry.

You visited 2 branches of the dungeon, and saw 9 of its levels.
You visited the Abyss 1 time.

You collected 513 gold pieces.

Inventory:

Hand Weapons
 a - a +0 battleaxe (weapon)
 b - a +3 hand axe of freezing
 c - a +0 blowgun
 d - a +0 hunting sling
 e - a +2 dagger of venom
 f - a +2 dagger of electrocution
 x - a +0 fustibalus
 y - a +0 shortbow
Missiles
 h - 224 stones
 j - 122 arrows
 k - 16 sling bullets
 m - 42 poisoned needles
 n - 7 poisoned javelins
 p - 22 bolts
 r - 3 tomahawks (quivered)
Armour
 E - a +2 scale mail of cold resistance
 U - a +1 helmet (worn)
 X - a +2 leather armour (worn)
Magical Staves
 D - an uncursed staff of fire
Jewellery
 s - a cursed ring of teleportation
 u - an uncursed amulet of faith {!P}
 z - an amulet of regeneration (around neck)
 A - a +6 amulet of reflection
Wands
 l - a wand of flame (8/48)
Scrolls
 g - a scroll of identify
 i - a scroll of vulnerability
 o - a scroll of magic mapping
 q - 4 scrolls of teleportation
 t - a scroll of amnesia
 w - 2 scrolls of recharging
 B - a scroll of fog
Books
 C - a book of Changes

   Spells                             Type                      Level
   a - Beastly Appendage              Transmutation                1
   b - Sticks to Snakes               Transmutation                2
   c - Spider Form                    Transmutation/Poison         3
   d - Ice Form                       Ice/Transmutation            4
   e - Blade Hands                    Transmutation                5


   Skills:
 + Level 5.2 Fighting
 * Level 11.4 Axes
 - Level 1.5 Armour
 - Level 0.7 Dodging


You had 8 spell levels left.
You didn't know any spells.

Dungeon Overview and Level Annotations

Branches:
Dungeon (8/15)             Temple (1/1) D:7
   Lair: D:8-11

Altars:
Ashenzari
Cheibriados
Dithmenos
Elyvilon
Fedhas
Gozag
Hepliaklqana
Kikubaaqudgha
Makhleb
Nemelex Xobeh
Okawaru
Qazlal
Ru
Sif Muna
Trog
Uskayaw
Vehumet
Xom
Yredelemnul
Zin
The Shining One

Annotations:
D:6 George's ghost, novice HOGl


Innate Abilities, Weirdness & Mutations

You do not eat or drink.
Your flesh is vulnerable to fire.
You are immune to poison.
Your flesh is cold resistant. (rC+)
You are immune to negative energy. (rN+++)
You are immune to unholy pain and torment.
You can survive without breathing.


Message History

A scorpion comes into view.
The vampire mosquito bites you but does no damage.
The vampire mosquito bites you!
The worker ant bites you but does no damage.
The vampire mosquito bites you. The worker ant closely misses you.
The vampire mosquito closely misses you.
Found a scroll of teleportation.
The vampire mosquito closely misses you.
The vampire mosquito barely misses you. The vampire mosquito misses you.
The worker ant barely misses you.
You are suddenly pulled into a different region of the Abyss!
Found 54 gold pieces.
As you read the scroll of identify, it crumbles to dust.
s - a cursed ring of teleportation
Found a glowing scale mail.
You now have 513 gold pieces (gained 54).
You see here a glowing scale mail.
E - a glowing scale mail A sixfirhy comes into view.
The sixfirhy hits you. The sixfirhy shocks you! The sixfirhy barely misses you.
The sixfirhy hits you. The sixfirhy shocks you! The sixfirhy hits you!
The sixfirhy shocks you!
* * * LOW HITPOINT WARNING * * *
As you read the scroll of teleportation, it crumbles to dust.
You feel strangely unstable.
You feel the power of the Abyss delaying your translocation!
The sixfirhy hits you.
* * * LOW HITPOINT WARNING * * *
The sixfirhy shocks you!
* * * LOW HITPOINT WARNING * * *
The sixfirhy closely misses you. The sixfirhy closely misses you.
The sixfirhy hits you but does no damage.
Blink to where?
Press: ? - help, Dir - move target cursor You are very lightly contaminated with residual magic.
As you read the scroll of blinking, it crumbles to dust.
The sixfirhy hits you but does no damage.
The sixfirhy closely misses you. The sixfirhy hits you!
You die...

#..## #.. ##...
## #
##..##..#..#...
#.# .
#.#3...#...#
..##.###..#..#..#
.# #...#.##.#...
... #..#...#.#
.#..# #..#.#..#
.... ..
#...3#...#.#...#.
.....#@##.#.## #.
.. ..##....##.#.#
# ..
#..#......#.# . .
#...####.....# .
... . ..#...
#..### ###. ....
..#


You could see a sixfirhy.

Vanquished Creatures
  Pikel (D:3)
  Prince Ribbit (D:6)
  A hippogriff (D:7)
  A hungry ghost (D:7)
  Edmund (D:5)
  3 ice beasts
  An orc warrior (D:7)
  A black bear (D:7)
  2 sky beasts
  A phantom (D:6)
  A slave (D:3)
  3 ogres
  2 centaurs
  2 scorpions
  6 killer bees (D:8)
  A howler monkey (D:6)
  A crimson imp (D:5)
  A gnoll shaman (D:6)
  A hound (D:6)
  3 orc wizards
  A centaur skeleton (D:8)
  An orc priest (D:5)
  2 bullfrog skeletons
  2 iguanas
  7 worker ants
  12 gnolls
  6 adders
  An ooze (D:6)
  An adder skeleton (D:5)
  6 worms
  2 leopard geckos
  29 orcs
  7 bats
  5 giant cockroaches
  5 goblins
  8 hobgoblins
  9 jackals
  4 quokkas
  8 frilled lizards
  2 jackal skeletons (D:4)
  A jackal zombie (D:5)
  7 kobolds
  6 rats
166 creatures vanquished.

Vanquished Creatures (others)
  A sky beast (D:3)
  An ice beast (D:6)
  2 orcs (D:4)
4 creatures vanquished.

Grand Total: 170 creatures vanquished

Notes
Turn   | Place    | Note
-------+----------+-------------------------------------------
     0 | D:1      | glosham the Mummy Chaos Knight began the quest for the Orb.
     0 | D:1      | Reached XP level 1. HP: 18/18 MP: 1/1
     6 | D:1      | XOM: potion effect (might)
    69 | D:2      | XOM: medium Tloc miscast
    70 | D:2      | Noticed a spatial vortex
    70 | D:2      | Noticed a spatial vortex
    95 | D:2      | Reached XP level 2. HP: 18/24 MP: 2/2
   246 | D:3      | Reached skill level 3 in Axes
   749 | D:1      | XOM: cast spell 'Summon Ice Beast'
   933 | D:2      | Reached XP level 3. HP: 29/29 MP: 3/3
  1111 | D:2      | XOM: 1-stop teleportation journey
  1329 | D:2      | Reached skill level 4 in Axes
  1331 | D:2      | XOM: mild Tloc miscast
  1331 | D:2      | XOM: smoke on damage
  1460 | D:2      | Reached XP level 4. HP: 35/35 MP: 4/4
  1820 | D:1      | XOM: cloud trail
  2411 | D:3      | Reached XP level 5. HP: 31/41 MP: 5/5
  2758 | D:3      | Reached skill level 5 in Axes
  2766 | D:3      | XOM: scenery: 1 doors open, 2 doors close
  2785 | D:2      | XOM: harmless Hex miscast
  3222 | D:3      | XOM: noise
  3270 | D:3      | Noticed a sky beast
  3280 | D:3      | Banished a sky beast
  3416 | D:3      | XOM: mild Pois miscast
  3581 | D:4      | Reached XP level 6. HP: 43/47 MP: 6/6
  3703 | D:4      | Noticed a slave
  3703 | D:4      | Noticed a slave
  3704 | D:4      | Noticed a slave
  3707 | D:4      | XOM: noise
  3743 | D:3      | Killed a slave
  3804 | D:4      | XOM: fog
  3813 | D:3      | XOM: summons 1 hostile demon
  3977 | D:4      | Noticed Pikel
  3985 | D:4      | Noticed a slave
  4013 | D:3      | XOM: enchant monster (bad)
  4017 | D:3      | Killed Pikel
  4017 | D:3      | Reached skill level 7 in Axes
  4017 | D:3      | Reached XP level 7. HP: 19/52 MP: 7/7
  4034 | D:3      | XOM: summons 3 hostile demons
  4092 | D:3      | XOM: harmless Tloc miscast
  4509 | D:3      | XOM: mild Necr miscast
  4712 | D:5      | Entered Level 5 of the Dungeon
  4851 | D:5      | XOM: fake destruction
  4960 | D:5      | Reached skill level 8 in Axes
  5044 | D:5      | Reached XP level 8. HP: 39/58 MP: 8/8
  5089 | D:5      | XOM: harmless Air miscast
  5438 | D:5      | Noticed Edmund
  5444 | D:5      | XOM: summons 3 hostile demons
  5458 | D:5      | Killed Edmund
  5814 | D:5      | XOM: harmless Tmut miscast
  5857 | D:5      | Reached skill level 9 in Axes
  6064 | D:6      | XOM: harmless Necr miscast
  6275 | D:6      | XOM: mild Hex miscast
  6387 | D:6      | XOM: harmless Tmut miscast
  6603 | D:6      | XOM: harmless Necr miscast
  6801 | D:6      | Noticed George's ghost (novice HOGl)
  6932 | D:6      | XOM: harmless Hex miscast
  6958 | D:6      | Noticed Prince Ribbit
  6967 | D:6      | XOM: confusion
  7194 | D:6      | XOM: summons 4 hostile demons
  7195 | D:6      | Noticed an ice devil
  7370 | D:6      | XOM: polymorph orc warrior -> ooze
  7400 | D:6      | XOM: divine lightning
  7513 | D:6      | Reached skill level 10 in Axes
  7527 | D:6      | XOM: summons 1 hostile shadow creature
  7667 | D:6      | XOM: swap monsters
  7672 | D:6      | XOM: smoke on damage
  7676 | D:6      | Killed Prince Ribbit
  7676 | D:6      | Reached XP level 9. HP: 43/63 MP: 9/9
  7818 | D:7      | XOM: noise
  7861 | D:7      | XOM: medium Hex miscast
  7913 | D:7      | XOM: cast spell 'Cause Fear'
  8059 | D:7      | XOM: harmless Conj miscast
  8063 | D:7      | XOM: divination: magic mapping
  8161 | D:7      | XOM: divination: magic mapping
  8203 | D:7      | XOM: silly message
  8226 | D:7      | Found a staircase to the Ecumenical Temple.
  8235 | Temple   | Entered the Ecumenical Temple
  8310 | Temple   | Fell from the grace of Xom
  8310 | Temple   | Became a worshipper of Cheibriados the Contemplative
  8360 | D:7      | Reached skill level 4 in Fighting
  8452 | D:7      | Reached skill level 11 in Axes
  8981 | D:8      | Reached skill level 5 in Fighting
  9103 | D:8      | Cast into level 2 of the Abyss (Xom)
  9150 | Abyss:2  | Noticed a sixfirhy
  9151 | Abyss:2  | HP: 2/68 [sixfirhy (10)]
  9157 | Abyss:2  | Slain by a sixfirhy

Skill      XL: |  1  2  3  4  5  6  7  8  9 |
---------------+----------------------------+-----
Axes           | 3 4 5 7 8 10 11 | 11.4
Fighting       | 5 |  5.2
Armour         | |  1.5
Dodging        | |  0.7

Action                   |  1- 3 |  4- 6 |  7- 9 || total
-------------------------+-------+-------+-------++-------
Melee: Hand axe          |    97 |   235 |   364 ||   696
       Battleaxe         |       |       |    51 ||    51
 Fire: Blowgun           |       |     4 |    10 ||    14
Throw: Throwing net      |       |     1 |     4 ||     5
       Tomahawk          |       |       |     3 ||     3
  Use: Scroll            |       |     7 |    16 ||    23
 Stab: Sleeping          |     2 |       |       ||     2
       Petrified         |       |     3 |       ||     3
       Petrifying        |       |     1 |       ||     1
       Paralysed         |       |       |     2 ||     2
       Held in net/web   |       |       |     3 ||     3
Armor: Leather armour    |    27 |    64 |   108 ||   199
Dodge: Dodged            |    54 |    85 |   170 ||   309

Table legend:
 A = Turns spent in this place as a percentage of turns spent in the entire game.
 B = Non-inter-level travel turns spent in this place as a percentage of non-inter-level travel turns spent in the entire game.
 C = Inter-level travel turns spent in this place as a percentage of turns spent in this place.
 D = Turns resting spent in this place as a percentage of non-inter-level travel turns spent in this place.
 E = Turns spent auto-exploring this place as a percentage of non-inter-level travel turns spent in this place.
 F = Non-inter-level travel turns spent in this place divided by the number of levels of this place that you've seen.
                   A       B       C       D       E      F
               +-------+-------+-------+-------+-------+----------------------
         Total | 100.0 | 100.0 |   0.8 |   2.4 |   1.9 | 468.7
       Dungeon |  98.2 |  98.2 |   0.8 |   2.5 |   1.5 | 575.5
        Temple |   0.6 |   0.5 |   3.8 |   0.0 |  72.0 |  25.0
         Abyss |   1.2 |   1.2 |   0.0 |   0.0 |   0.0 |  58.0
               +-------+-------+-------+-------+-------+----------------------

Table legend:
 A = Kills in this place as a percentage of kills in entire the game.
 B = Kills by you in this place as a percentage of kills by you in the entire game.
 C = Kills by friends in this place as a percentage of kills by friends in the entire game.
 D = Other kills in this place as a percentage of other kills in the entire game.
 E = Experience gained in this place as a percentage of experience gained in the entire game.
 F = Experience gained in this place divided by the number of levels of this place that you have seen.
                   A       B       C       D       E      F
               +-------+-------+-------+-------+-------+----------------------
         Total | 100.0 | 100.0 |  -nan | 100.0 | 100.0 | 507.4
       Dungeon | 100.0 | 100.0 |  -nan | 100.0 | 100.0 | 634.2
               +-------+-------+-------+-------+-------+----------------------

Vault maps used:
D:1:      evilmike_arrival_run_for_it
D:3:      grunt_ministairs_15, st_stairs_7, minmay_close_crescents
D:4:      uniq_pikel
D:5:      first_bread, uniq_edmund
D:6:      uniq_prince_ribbit1
D:7:      black_bear_nest_1, minmay_temple_entry_statues_fountains
Temple:   grunt_wide_crystal_templ
Abyss:2:  evilmike_abyss_exit_glass, hangedman_abyss_monster_moat
